 Dungeon Crawl Stone Soup version 0.32-a0-18-g89e19f1974 (webtiles) character file.

Game seed: 14151826540728729319

573 jasper the Magician (level 7, -3/41 HPs)
             Began as a Deep Elf Cinder Acolyte on Jan 16, 2024.
             Was a High Priest of Ignis.
             Shot with an arrow by a centaur (9 damage)
             ... on level 5 of the Dungeon.
             The game lasted 00:05:35 (4513 turns).

jasper the Magician (Deep Elf Cinder Acolyte)       Turns: 4513, Time: 00:05:35

Health: -3/41      AC:  4    Str: 15    XL:     7   Next: 12%
Magic:  10/18      EV: 12    Int: 21    God:    Ignis [*****.]
Gold:   163        SH:  0    Dex: 12    Spells: 9/18 levels left

rFire   + + .        u - +6 dagger "Memar" {flame, rF+ rN++ Str-2 Dex+2}
rCold   . . .        (no shield)
rNeg    + + .        b - +0 robe
rPois   .            l - +0 helmet
rElec   .            t - +0 cloak
rCorr   .            (no gloves)
SInv    .            (no boots)
Will    .....        (no amulet)
Stlth   +            o - +6 ring of strength
HPRegen 0.26/turn    (no ring)
MPRegen 0.16/turn

%: no passive effects
@: very slightly contaminated
A: no striking features
a: Renounce Religion, Fiery Armour, Foxfire Swarm, Rising Flame


You were on level 5 of the Dungeon.
You worshipped Ignis.
Ignis was extremely pleased with you.
You visited 1 branch of the dungeon, and saw 5 of its levels.

You collected 163 gold pieces.

Inventory:

Hand Weapons
 a - a -1 spear of flaming
 d - a +2 dagger of draining
 s - a +4 quarterstaff of chaos
 u - the +6 dagger "Memar" (weapon) {flame, rF+ rN++ Str-2 Dex+2}
   (You found it on level 5 of the Dungeon)

   Str-2:     It affects your strength (-2).
   Dex+2:     It affects your dexterity (+2).
   rF+:       It protects you from fire.
   rN++:      It greatly protects you from negative energy.
Missiles
 h - 2 throwing nets
 n - 3 boomerangs
Armour
 b - a +0 robe (worn)
 l - a +0 helmet (worn)
 t - a +0 cloak (worn)
Magical Staves
 r - a staff of earth
Jewellery
 f - a ring of see invisible
 o - a +6 ring of strength (left hand)
Wands
 m - a wand of iceblast (6)
Scrolls
 g - 2 scrolls of teleportation
Potions
 c - a potion of berserk rage
 e - a potion of haste
 i - a potion of lignification {unknown}
 j - 2 potions of resistance {unknown}
 k - a potion of curing {unknown}
 p - a potion of mutation {unknown}
 q - a potion of enlightenment {unknown}


   Skills:
 + Level 3.3 Fighting
 - Level 2.1 Polearms
 + Level 3.1 Dodging
 - Level 6.0 Spellcasting
 - Level 4.2 Fire Magic
 * Level 3.7 Air Magic


You had 9 spell levels left.
You knew the following spells:

 Your Spells              Type           Power      Damage    Failure   Level
a - Scorch                Fire           46%        2d6       2%          2
b - Swiftness             Air            22%        N/A       6%          3
c - Airstrike             Air            11%        2d(2-18)  22%         4

Your spell library contained the following spells:

 Spells                   Type           Power      Damage    Failure   Level
 Shock                    Conj/Air       56%        1d6       4%          1
 Ensorcelled Hibernation  Hex/Ice        12%        N/A       14%         2
 Fugue of the Fallen      Necr           6%         N/A       28%         3
 Anguish                  Hex/Necr       3%         N/A       67%         4


Dungeon Overview and Level Annotations

Branches:
Dungeon (5/15)
 Temple: D:4-7

Altars:
Dithmenos
Elyvilon
Fedhas
Kikubaaqudgha
Makhleb
Trog
Vehumet
Xom
The Shining One


Message History

Search for what [? for help]?
Okay, then.
Found an escape hatch in the ceiling.
There is an escape hatch in the ceiling here.
A centaur comes into view.
The centaur shouts!
The centaur wields a +0 shortbow.
The centaur shoots an arrow.
The arrow closely misses you.
You start waiting.
A centaur is nearby!
Casting: Scorch (safe; 2% risk of failure)
Press: ? - help, Q - select action, (/) - cycle Dir - look around, f - activate Flames lash the centaur.
The centaur is moderately wounded.
The centaur's fire resistance burns away.
You hear an angry growl.
The centaur shoots an arrow.
The arrow hits you.
You take 6 damage, and have 35/41 hp.
You now have 16/18 mp.
Casting: Scorch (safe; 2% risk of failure)
Press: ? - help, Q - select action, (/) - cycle Dir - look around, f - activate Flames lash the centaur.
The centaur is burned terribly!
The centaur is heavily wounded.
The centaur shoots an arrow.
The arrow hits you!
The centaur shoots an arrow.
The arrow hits you.
You take 16 damage, and have 19/41 hp.
MASSIVE DAMAGE!!
You now have 14/18 mp.
Casting: Scorch (safe; 2% risk of failure)
Press: ? - help, Q - select action, (/) - cycle Dir - look around, f - activate Flames lash the centaur.
The centaur is burned terribly!
The centaur is almost dead.
The centaur shoots an arrow.
The arrow hits you.
You take 4 damage, and have 15/41 hp.
You now have 12/18 mp.
Casting: Scorch (safe; 2% risk of failure)
Press: ? - help, Q - select action, (/) - cycle Dir - look around, f - activate You miscast Scorch.
You are very lightly contaminated with residual magic.
Nothing appears to happen.
The centaur shoots an arrow.
The arrow hits you!
* * * LOW HITPOINT WARNING * * *
The centaur shoots an arrow.
The arrow hits you!
You die...

...... ##....
##########
###.c...
#####....#
.......
.........#
.....
#####....#
.... #....#
#..
####.#####.#
#.....#c###
#######.#..@#
.......<..#.#
#######.#.#.#
#.#...#
#.##### #..
###


You could see a centaur (combustible).

Vanquished Creatures
  A centaur (D:3)
  A bullfrog (D:4)
  A bombardier beetle (D:4)
  A jelly (D:4)
  Crazy Yiuf (D:4)
  Jessica (D:2)
  An orc wizard (D:4)
  Robin (D:4)
  10 gnolls
  7 adders
  A ribbon worm (D:4)
  3 dart slugs
  9 orcs
  3 endoplasms
  4 giant cockroaches
  15 goblins
  9 hobgoblins
  3 jackals (D:4)
  3 kobolds (D:2)
  3 quokkas
  11 ball pythons
  7 bats
  3 frilled lizards
  7 rats
106 creatures vanquished.

Notes
Turn   | Place    | Note
-------+----------+-------------------------------------------
     0 | D:1      | jasper the Deep Elf Cinder Acolyte began the quest for the
                  | Orb.
     0 | D:1      | Reached XP level 1. HP: 13/13 MP: 5/5
   246 | D:1      | Reached XP level 2. HP: 13/18 MP: 6/6
   249 | D:1      | Learned a level 2 spell: Scorch
   992 | D:2      | Reached skill level 2 in Spellcasting
   994 | D:2      | Reached XP level 3. HP: 22/22 MP: 0/9
   998 | D:2      | Learned a level 3 spell: Swiftness
  1204 | D:2      | Reached skill level 3 in Spellcasting
  1361 | D:2      | Found a shimmering altar of Xom.
  1542 | D:2      | Reached skill level 4 in Spellcasting
  1542 | D:2      | Reached XP level 4. HP: 27/27 MP: 4/12
  1547 | D:2      | Noticed Jessica
  1556 | D:2      | Killed Jessica
  1557 | D:2      | Reached skill level 5 in Spellcasting
  1563 | D:2      | Learned a level 4 spell: Airstrike
  1954 | D:2      | Reached XP level 5. HP: 5/31 MP: 10/15
  1955 | D:2      | HP: 2/46 [poisoned by an adder]
  2347 | D:3      | Reached skill level 1 in Air Magic
  2360 | D:3      | Reached skill level 1 in Dodging
  3005 | D:3      | Noticed a centaur
  3012 | D:3      | Killed a centaur
  3013 | D:3      | Reached skill level 6 in Spellcasting
  3013 | D:3      | Reached XP level 6. HP: 20/36 MP: 10/17
  3199 | D:4      | Found a burning altar of Makhleb.
  3419 | D:4      | Noticed Robin
  3453 | D:4      | Killed Robin
  3706 | D:4      | Found a blossoming altar of Fedhas.
  3822 | D:4      | Found an ancient bone altar of Kikubaaqudgha.
  3836 | D:4      | Reached XP level 7. HP: 41/41 MP: 6/18
  4251 | D:4      | Found a runed translucent door.
  4252 | D:4      | Noticed Crazy Yiuf
  4341 | D:4      | Killed Crazy Yiuf
  4399 | D:5      | Entered Level 5 of the Dungeon
  4429 | D:5      | Found a white marble altar of Elyvilon.
  4435 | D:5      | Found a bloodstained altar of Trog.
  4438 | D:5      | Found a shadowy altar of Dithmenos.
  4438 | D:5      | Found a radiant altar of Vehumet.
  4445 | D:5      | Found a glowing golden altar of the Shining One.
  4479 | D:5      | Identified the +6 dagger "Memar" {flame, rF+ rN++ Str-2
                  | Dex+2}
  4513 | D:5      | Shot with an arrow by a centaur

Illustrated notes

Levels and vault maps discovered:
D:1:      minmay_arrival_radiant_lines, layout_loops_ring,
          wander_ebering_terrifying_dragon_lair
D:2:      layout_basic, basic_altar, uniq_jessica
D:3:      layout_basic, st_stairs_13
D:4:      layout_loops_ring, mainiacjoe_overflow_paths, bloody_makhleb,
          nicolae_kikubaaqudgha_miasma_corner, uniq_robin,
          uniq_crazy_yiuf_cottage
D:5:      layout_basic, nicolae_overflow_hallway_of_the_gods,
          nicolae_wu_jian_wuxing_cycle, nicolae_qazlal_beasts_of_the_sky,
          kennysheep_cluttered_room

Skill      XL: |  1  2  3  4  5  6  7 |
---------------+----------------------+-----
Fire Magic     | 4 |  4.2
Spellcasting   | 2 4 5 6 |  6.0
Air Magic      | 2 3 |  3.7
Dodging        | 2 3 |  3.1
Fighting       | 3 |  3.3
Polearms       | |  2.1

Action                     |  1- 3 |  4- 6 |  7- 9 || total
---------------------------+-------+-------+-------++-------
  Melee: Dagger            |    28 |    22 |       ||    50
         Spear             |     9 |       |       ||     9
   Cast: Scorch            |    30 |    82 |    12 ||   124
 Invoke: Fiery Armour      |     1 |     1 |       ||     2
    Use: Scroll            |     4 |     2 |     1 ||     7
         Potion            |       |     1 |       ||     1
 Armour: Robe              |    25 |    37 |     6 ||    68
  Dodge: Dodged            |    32 |    22 |     2 ||    56

Table legend: (Time is in decaauts)
 A = Elapsed time spent in this place.
 B = Non-inter-level travel time spent in this place.
 C = Inter-level travel time spent in this place.
 D = Time resting spent in this place.
 E = Time spent auto-exploring this place.
 F = Levels seen in this place.
 G = Mean time per level.
                   A        B        C        D        E       F      G
               +--------+--------+--------+--------+--------+-----+--------+
         Total |   4520 |   4434 |     86 |    246 |   3608 |   5 |  904.0 |
       Dungeon |   4520 |   4434 |     86 |    246 |   3608 |   5 |  904.0 |
               +--------+--------+--------+--------+--------+-----+--------+

Top non-repeatable levels by time:
     D:4: 1241 daAuts
     D:2: 1111 daAuts
     D:3: 1097 daAuts
     D:1: 957 daAuts
     D:5: 113 daAuts
